 Dungeon Crawl Stone Soup version 0.22-a0-396-g3f858e3 (webtiles) character file.

88 Alphaeus the Shooter (level 4, -16/37 HPs)
             Began as a Centaur Hunter on May 3, 2018.
             Killed by divine providence
             ... invoked by an orc priest
              (17 damage)
             ... on level 4 of the Dungeon.
             The game lasted 00:03:22 (3131 turns).

Alphaeus the Shooter (Centaur Hunter)               Turns: 3131, Time: 00:03:23

Health: -16/37     AC:  5    Str: 14    XL:     4   Next: 29%
Magic:  4/4        EV:  9    Int: 10    God:
Gold:   214        SH:  0    Dex: 11    Spells: 3/3 levels left

rFire    . . .     SeeInvis .   b - +0 short sword
rCold    . . .     Gourm    .   (no shield)
rNeg     . . .     Faith    .   c - +0 leather armour
rPois    .         Spirit   .   m - +0 helmet
rElec    .         Reflect  .   (no cloak)
rCorr    .         Harm     .   (no gloves)
MR       .....                  (no barding)
Stlth    +.........             (no amulet)
HPRegen  0.12/turn              (no ring)
MPRegen  0.09/turn              (no ring)

@: very quick
A: large, hooves 3, deformed body, speed 2, tough skin 3
a: no special abilities


You were on level 4 of the Dungeon.
You were not hungry.

You visited 1 branch of the dungeon, and saw 4 of its levels.

You collected 214 gold pieces.

Inventory:

Hand Weapons
 a - a +1 shortbow
 b - a +0 short sword (weapon)
 n - a +0 rapier
 w - a +0 flail
Missiles
 d - 46 arrows
Armour
 c - a +0 leather armour (worn)
 m - a +0 helmet (worn)
 r - a +0 buckler
Jewellery
 x - an uncursed amulet of guardian spirit {unknown}
Scrolls
 g - a scroll of fog {unknown}
 i - a scroll of immolation {unknown}
 j - 2 scrolls of identify {unknown}
 k - 2 scrolls of remove curse {unknown}
 q - 2 scrolls of teleportation {unknown}
 u - a scroll of amnesia {unknown}
Potions
 e - 3 potions of curing {unknown}
 h - 2 potions of resistance {unknown}
 l - a potion of berserk rage {unknown}
 o - a potion of mutation {unknown}
 p - 5 potions of degeneration {unknown}
 s - a potion of invisibility {unknown}
 v - a potion of magic {unknown}
 z - a potion of flight {unknown}
 A - a potion of lignification {unknown}
Comestibles
 f - 3 rations
 t - 6 chunks of flesh


   Skills:
 + Level 2.7 Fighting
 * Level 6.1 Bows
 * Level 1.1 Armour
 + Level 2.0 Dodging
 - Level 0.8 Stealth


You had 3 spell levels left.
You didn't know any spells.

Dungeon Overview and Level Annotations

Branches:
Dungeon (4/15)
 Temple: D:4-7

Altars:
Yredelemnul
Zin


Innate Abilities, Weirdness & Mutations

You have hooves in place of feet.
Armour fits poorly on your strangely shaped body.
You cover ground very quickly.
You have extremely tough skin. (AC +3)


Message History

The phantom moves out of view.
An adder comes into view.
There are monsters nearby!
You hit the orc priest but do no damage.
The orc priest is moderately wounded.
The orc priest casts a cantrip, but nothing happens.
An orc comes into view.
The orc priest drinks a potion.
The orc priest seems to speed up.
The orc closely misses you.
The orc priest looks satisfied for a moment.
The orc closely misses you. The orc priest hits you with a dagger.
The orc priest calls down the wrath of Beogh upon you.
Beogh smites you!
The orc priest mumbles some strange prayers to Beogh against you.
Beogh smites you!
* * * LOW HITPOINT WARNING * * *
The orc priest mumbles some strange prayers to Beogh against you.
Beogh smites you!
You die...

#... #..# .# .. .. #..#
#.####.##. . #..#
#.##.....#.# #..#
#.##.#.#.#.# #..#
#....<.....
#..#####.##.#.#.#
########...............#
...#....o...@....#..###.###
#.#.##W######...รท...(.....
#....So...###.#.#.<###.##
#.....W....##.#.#..#
#..o...###.##.#.#..#
##....### ##.#.#... #...###
#.#...... #.### #.###.####
#...# ..# #.#


You could see a phantom and an orc priest.

Vanquished Creatures
  An adder (D:2)
  3 gnolls (D:3)
  6 goblins
  8 hobgoblins
  6 jackals
  6 kobolds
  2 quokkas
  A ball python (D:1)
  6 bats
  3 frilled lizards (D:1)
  5 rats
47 creatures vanquished.

Notes
Turn   | Place    | Note
-------+----------+-------------------------------------------
     0 | D:1      | Alphaeus the Centaur Hunter began the quest for the Orb.
     0 | D:1      | Reached XP level 1. HP: 17/17 MP: 1/1
   195 | D:1      | Reached XP level 2. HP: 22/24 MP: 2/2
   648 | D:2      | Reached XP level 3. HP: 30/30 MP: 3/3
   887 | D:2      | Found a glowing silver altar of Zin.
  1929 | D:3      | Found a basalt altar of Yredelemnul.
  2323 | D:3      | Reached skill level 6 in Bows
  2324 | D:3      | HP: 1/30 [gnoll/flail (11)]
  2339 | D:3      | Reached skill level 1 in Armour
  2339 | D:3      | Reached XP level 4. HP: 3/37 MP: 4/4
  3109 | D:4      | Noticed a phantom
  3130 | D:4      | HP: 1/37 [orc priest/divine providence (12)]
  3131 | D:4      | Killed from afar by an orc priest

Vault maps used:
D:1:      dpeg_arrival_pits
D:2:      lemuel_round_altar, grunt_ministairs_7
D:3:      yredelemnul_altar_generic
D:4:      lemuel_upstairs_altar, serial_shops, nicolae_shop_stone,
          minmay_liquid_box, minmay_unequal

Skill      XL: |  1  2  3 |
---------------+----------+-----
Bows           | 6 |  6.1
Armour         | 1 |  1.1
Dodging        | 2 |  2.0
Fighting       | |  2.7
Stealth        | |  0.8

Action                   |  1- 3 |  4- 6 || total
-------------------------+-------+-------++-------
Melee: Short sword       |    67 |    42 ||   109
       Kick              |    21 |     3 ||    24
       Rapier            |    37 |       ||    37
 Fire: Shortbow          |    14 |       ||    14
  Eat: Chunk             |     3 |     2 ||     5
Armor: Leather armour    |    59 |    17 ||    76
Dodge: Dodged            |    62 |    19 ||    81

Table legend:
 A = Spawn XP
 B = Non-spawn XP
 C = Spawn XP percentage of total XP
 D = Spawn monster count
 E = Non-spawn monster count
 F = Spawn count percentage of total count
 G = Total turns spent on level
                    A         B        C        D         E        F      G
               +---------+---------+-------+---------+---------+-------+---------
         Total |       0 |     126 |   0.0 |       0 |      47 |   0.0 |  3131
               +---------+---------+-------+---------+---------+-------+---------
           D:1 |       0 |      27 |   0.0 |       0 |      18 |   0.0 |   641
           D:2 |       0 |      28 |   0.0 |       0 |      10 |   0.0 |  1199
           D:3 |       0 |      63 |   0.0 |       0 |      15 |   0.0 |  1102
           D:4 |       0 |       8 |   0.0 |       0 |       4 |   0.0 |   189
               +---------+---------+-------+---------+---------+-------+---------
